 Dungeon Crawl Stone Soup version 0.31-a0-868-g674d60d6f7 (webtiles) character file.

Game seed: 8668398831789401859

6820 freelancePsychic the Fighter (level 10, -10/83 HPs)
             Began as a Demonspawn Wanderer on Oct 11, 2023.
             Was an Initiate of Yredelemnul.
             Mangled by a kobold
             ... wielding a +1 whip of electrocution
              (19 damage)
             ... on level 9 of the Dungeon.
             The game lasted 00:18:22 (9363 turns).

freelancePsychic the Fighter (Demonspawn Wanderer)  Turns: 9363, Time: 00:18:23

Health: -10/83     AC:  8    Str: 12    XL:     10   Next: 77%
Magic:  21/21      EV: 11    Int: 22    God:    Yredelemnul [......]
Gold:   422        SH:  0    Dex: 13    Spells: 14/24 levels left

rFire   . . .        l - +2 dagger (elec)
rCold   . . .        (no shield)
rNeg    + . .        d - +0 robe
rPois   .            o - +0 helmet
rElec   .            L - +2 cloak {Stlth+}
rCorr   .            i - +0 pair of gloves
SInv    .            e - +0 pair of boots
Will    .....        (no amulet)
Stlth   ++           p - ring of positive energy
HPRegen 0.33/turn    (no ring)
MPRegen 0.17/turn

%: no passive effects
@: confused, lethally poisoned (-10 -> -14), ambrosia-drunk
A: claws 1, big brain 2, demonic magic 2
a: Renounce Religion, Recall Undead Harvest


You were on level 9 of the Dungeon.
You worshipped Yredelemnul.
Yredelemnul was noncommittal.
You visited 1 branch of the dungeon, and saw 9 of its levels.

You collected 422 gold pieces.

Inventory:

Hand Weapons
 l - a +2 dagger of electrocution (weapon)
 J - a -2 demon whip of venom
Missiles
 y - 4 throwing nets
Armour
 d - a +0 robe (worn)
 e - a +0 pair of boots (worn)
 i - a +0 pair of gloves (worn)
 o - a +0 helmet (worn)
 H - a +2 cloak
 L - a +2 cloak of stealth (worn)
Jewellery
 p - a ring of positive energy (left hand)
 q - a ring of positive energy
 B - a ring of positive energy
 K - a +4 ring of slaying
Wands
 b - a wand of polymorph (23)
 r - a wand of flame (54)
 t - a wand of roots (6)
 A - a wand of mindburst (4)
Scrolls
 f - 2 scrolls of vulnerability
 g - a scroll of amnesia
 s - a scroll of brand weapon
 x - 3 scrolls of noise
 C - 2 scrolls of teleportation {@r4}
 I - a scroll of fog
Potions
 c - 2 potions of brilliance
 h - a potion of enlightenment
 w - 2 potions of invisibility {unknown}
 z - a potion of haste {unknown}
 E - 2 potions of mutation {unknown}
 F - a potion of heal wounds {unknown}
 G - 2 potions of cancellation {unknown}


   Skills:
 + Level 9.2 Fighting
 - Level 5.0 Short Blades
 - Level 2.1 Ranged Weapons
 - Level 5.0 Stealth
 - Level 7.5 Spellcasting
 - Level 3.0 Conjurations
 - Level 4.8 Summonings
 + Level 2.2 Transmutations
 - Level 2.8 Fire Magic
 * Level 3.7 Poison Magic
 - Level 2.9 Invocations
 - Level 2.0 Evocations


You had 14 spell levels left.
You knew the following spells:

 Your Spells              Type           Power      Damage    Failure   Level
a - Shock                 Conj/Air       56%        1d6       4%          1
b - Scorch                Fire           40%        2d6       3%          2
c - Ignite Poison         Fire/Tmut/Pois 21%        N/A       7%          3
d - Olgreb's Toxic Radia  Pois           24%        N/A       17%         4

Your spell library contained the following spells:

 Spells                   Type           Power      Damage    Failure   Level
 Summon Small Mammal      Summ           100%       N/A       1%          1
 Sting                    Tmut/Pois      84%        1d7       2%          1
 Apportation              Tloc           16%        N/A       8%          1
 Necrotise                Necr           32%        1d5       8%          1
 Ensorcelled Hibernation  Hex/Ice        16%        N/A       12%         2
 Hailstorm                Conj/Ice       14%        3d5       13%         3
 Frozen Ramparts          Ice            16%        1d3       24%         3
 Flame Wave               Conj/Fire      21%        2d8       24%         4
 Alistair's Intoxication  Tmut/Pois      14%        N/A       54%         5
 Summon Cactus Giant      Summ           14%        N/A       85%         6
 Polar Vortex             Ice            4%         N/A       100%        9


Dungeon Overview and Level Annotations

Branches:
Dungeon (9/15)             Temple (0/1) D:7            Lair (0/5) D:8
    Orc: D:9-12

Altars:
Dithmenos
Hepliaklqana
Kikubaaqudgha
Makhleb
Okawaru
Trog
Wu Jian
Xom
Yredelemnul

Shops:
D:5 *   D:7 *

Portals:
Abyss: D:8

Annotations:
D:8 2 transporters, Pokonic1's ghost, novice HOFi
D:9 Gastronok


Innate Abilities, Weirdness & Mutations

You have sharp fingernails.
You have an extremely huge brain. (Int +4)
Spells you cast may paralyse nearby enemies.


Message History

You feel extremely sick.
The kobold brigand hits you with a +2 dagger of venom.
* * * LOW HITPOINT WARNING * * *
A kobold comes into view. It is wielding a +0 dagger.
Your kobold zombie hits the kobold brigand.
The kobold brigand hits your kobold zombie with a +2 dagger of venom!
It was a potion of ambrosia.
You are confused.
You feel invigorated.
* * * LOW HITPOINT WARNING * * *
You feel extremely sick.
Your kobold zombie completely misses the kobold brigand.
The kobold brigand hits your kobold zombie with a +2 dagger of venom.
Your kobold zombie is destroyed!
The kobold brigand shouts!
You feel less invigorated.
You feel less confused.
* * * LOW HITPOINT WARNING * * *
You feel very sick.
You hear a shout!
A kobold comes into view.
It is wielding a +1 whip of electrocution.
You closely miss the kobold brigand.
The kobold brigand is almost dead.
* * * LOW HITPOINT WARNING * * *
You feel very sick.
You kill the kobold brigand!
The dead are walking!
A kobold comes into view. It is wielding a +0 short sword.
The kobold hits you with a +0 dagger.
* * * LOW HITPOINT WARNING * * *
* * * LOW HITPOINT WARNING * * *
You feel very sick.
The kobold hits you with a +1 whip of electrocution.
* * * LOW HITPOINT WARNING * * *
You are confused.
You feel invigorated.
You feel yourself speed up.
You feel sick. The kobold hits you but does no damage.
You are electrocuted!!
You die...
Your body rises from the dead as a mindless zombie.

### #.........##
'....# #.....##...)
#.##)# #.....##..##
#.##.# #.#.####..#
#.##.# #)#.# #..#
#.##.# #.#.# #..#
#K##.###.#.####..#
#.K).............#
#.@KZ............##
#.##############..)
#(# #### #.#
###########.#
#<..........#
#############


You could see 3 kobolds and a friendly kobold brigand zombie.

Vanquished Creatures
  Erolcha (D:9)
  Maurice (D:9)
  An orange demon (D:8)
  Grinder (D:3)
  A shadow (D:9)
  Sigmund (D:3)
  A human (D:3)
  4 yaks (D:8)
  A steam dragon (D:8)
  Duvessa (D:5)
  A water moccasin (D:6)
  A black bear (D:5)
  2 orc warriors
  4 centaurs
  2 phantoms
  3 kobold brigands
  2 bullfrogs (D:7)
  2 gnoll sergeants
  4 scorpions
  10 wights
  Dowan (D:5)
  8 killer bees
  A howler monkey (D:9)
  2 jellies
  2 gnoll boudas (D:7)
  4 orc priests
  5 hounds
  A sleepcap (D:5)
  3 iguanas
  Terence (D:3)
  7 orc wizards
  25 gnolls
  11 adders
  A shadow imp (D:5)
  2 white imps
  3 dart slugs
  30 orcs
  5 ball pythons
  4 bats
  2 bat zombies (D:7)
  3 endoplasms
  2 giant cockroaches (D:4)
  6 hobgoblins
  14 jackals
  6 quokkas
  4 frilled lizards
  13 goblins
  A jackal zombie (D:3)
  18 kobolds
  5 rats
  2 rat zombies (D:7)
  A spectral goblin (D:7)
237 creatures vanquished.

Vanquished Creatures (collateral kills)
  A gnoll sergeant (D:5)
  4 wights
  A killer bee (D:9)
  An orc wizard (D:8)
  5 gnolls
  A shadow imp (D:7)
  An orc (D:5)
  2 goblins
  A jackal (D:2)
  A quokka (D:4)
  A frilled lizard (D:5)
  A rat (D:1)
20 creatures vanquished.

Vanquished Creatures (others)
  A centaur zombie (D:5)
  3 killer bee zombies
  A human zombie (D:9)
  A steam dragon zombie (D:8)
  2 adder zombies
  A spectral white imp (D:8)
  2 bat zombies
  A ball python zombie (D:2)
  6 gnoll zombies
  8 goblin zombies
  2 hobgoblin zombies (D:2)
  3 jackal zombies (D:2)
  9 kobold zombies
  13 orc zombies
  2 quokka zombies
  A rat zombie (D:5)
56 creatures vanquished.

Grand Total: 313 creatures vanquished

Notes
Turn   | Place    | Note
-------+----------+-------------------------------------------
     0 | D:1      | freelancePsychic the Demonspawn Wanderer began the quest
                  | for the Orb.
     0 | D:1      | freelancePsychic set off with the following items: a +2
                  | sling, a wand of polymorph (6), a scroll of fear, a +0
                  | robe; and the following spell memorised: Shock; and the
                  | following spells available to memorise: Hailstorm.
     0 | D:1      | Reached XP level 1. HP: 13/13 MP: 3/3
   234 | D:1      | Found a faded altar of an unknown god.
   264 | D:1      | Prayed at the altar of an unknown god.
   264 | D:1      | Became a worshipper of Yredelemnul the Dark
   264 | D:1      | Reached * piety under Yredelemnul
   324 | D:1      | Gained mutation: Spells you cast may paralyse adjacent
                  | enemies. [demonic ancestry]
   324 | D:1      | Reached XP level 2. HP: 20/20 MP: 5/5
   633 | D:1      | Reached ** piety under Yredelemnul
   817 | D:1      | Reached skill level 1 in Fighting
   854 | D:2      | Reached skill level 1 in Invocations
   943 | D:2      | Gained mutation: Spells you cast may paralyse nearby
                  | enemies. [demonic ancestry]
   943 | D:2      | Reached XP level 3. HP: 26/26 MP: 6/6
   961 | D:2      | Noticed Robin
   985 | D:2      | Robin changed into Robin the frilled lizard
   985 | D:2      | Noticed Robin
   989 | D:2      | Killed Robin the frilled lizard
   996 | D:2      | Reached skill level 2 in Fighting
  1057 | D:2      | Found a shimmering altar of Xom.
  1059 | D:2      | Reached XP level 4. HP: 33/33 MP: 7/7
  1636 | D:2      | Learned a level 2 spell: Scorch
  1777 | D:3      | Noticed Terence
  1802 | D:3      | Killed Terence
  1879 | D:3      | Reached XP level 5. HP: 39/39 MP: 9/9
  1880 | D:3      | Reached skill level 1 in Fire Magic
  2080 | D:3      | Noticed Grinder
  2088 | D:3      | Killed Grinder
  2089 | D:3      | Reached skill level 3 in Fighting
  2089 | D:3      | Gained mutation: You have sharp fingernails. [demonic
                  | ancestry]
  2089 | D:3      | Reached XP level 6. HP: 47/47 MP: 2/11
  2316 | D:3      | Found a runed translucent door.
  2316 | D:3      | Noticed a human
  2319 | D:3      | Found a basalt altar of Yredelemnul.
  2361 | D:3      | Killed a human
  2362 | D:3      | Reached skill level 1 in Short Blades
  2555 | D:3      | Noticed Sigmund
  2561 | D:3      | Killed Sigmund
  2562 | D:3      | Reached XP level 7. HP: 45/53 MP: 5/12
  2619 | D:3      | Reached *** piety under Yredelemnul
  3022 | D:4      | Reached skill level 4 in Fighting
  3527 | D:4      | Found a bloodstained altar of Trog.
  3549 | D:4      | Found a shimmering altar of Xom.
  3551 | D:4      | Found a shadowy altar of Dithmenos.
  3643 | D:4      | Gained mutation: You have an unusually large brain. (Int
                  | +2) [demonic ancestry]
  3643 | D:4      | Reached XP level 8. HP: 60/60 MP: 11/14
  3814 | D:5      | Entered Level 5 of the Dungeon
  4094 | D:5      | Found Padghaf's General Store.
  4412 | D:5      | Reached skill level 5 in Fighting
  4512 | D:5      | Reached skill level 5 in Spellcasting
  4961 | D:5      | Reached skill level 6 in Fighting
  5111 | D:5      | Noticed Duvessa
  5111 | D:5      | Noticed Dowan
  5115 | D:5      | Killed Duvessa
  5118 | D:5      | Killed Dowan
  5207 | D:5      | Found an ornate altar of the Wu Jian Council.
  5207 | D:5      | Found a burning altar of Makhleb.
  5641 | D:6      | Reached XP level 9. HP: 71/71 MP: 14/17
  5879 | D:6      | Identified the +0 leather armour "Xudujuuh" {rC++ Slay-5}
  6037 | D:6      | Identified the +0 plate armour of the Building Gods {Will-
                  | Int+6 Dex-2}
  6341 | D:7      | Found Gutom's Neck Hole.
  6370 | D:7      | Reached skill level 7 in Fighting
  6451 | D:7      | Found a hazy altar of Hepliaklqana.
  6498 | D:7      | Found a staircase to the Ecumenical Temple.
  6509 | D:7      | Reached skill level 1 in Summonings
  6774 | D:7      | Found an ancient bone altar of Kikubaaqudgha.
  6793 | D:7      | Found an iron altar of Okawaru.
  7288 | D:8      | Found a transporter.
  7321 | D:8      | Noticed an ancient zyme
  7328 | D:8      | Found a transporter.
  7507 | D:8      | Found a one-way gate to the infinite horrors of the Abyss.
  7507 | D:8      | Noticed Pokonic1's ghost (novice HOFi)
  7547 | D:8      | Noticed an orange demon
  7554 | D:8      | Noticed Amaemon
  7559 | D:8      | Killed an orange demon
  7560 | D:8      | Reached skill level 8 in Fighting
  7913 | D:8      | Gained mutation: You have an extremely huge brain. (Int +4)
                  | [demonic ancestry]
  7913 | D:8      | Reached XP level 10. HP: 80/80 MP: 18/21
  8297 | D:8      | Found a staircase to the Lair.
  8303 | D:8      | Amaemon changed into Amaemon the gnoll
  8303 | D:8      | Noticed Amaemon
  8305 | D:8      | Killed Amaemon the gnoll
  8697 | D:9      | Reached skill level 5 in Stealth
  8704 | D:9      | Noticed Maurice
  8716 | D:9      | Maurice stole a +4 ring of slaying
  8732 | D:9      | Identified a scroll of acquirement
  8733 | D:9      | Acquired the Octavo of Frost and the Tincture
  8735 | D:9      | Killed Maurice
  8736 | D:9      | Reached skill level 5 in Short Blades
  8952 | D:9      | Reached skill level 1 in Poison Magic
  8958 | D:9      | Your ally Maurice died
  8958 | D:9      | Noticed Gastronok
  8967 | D:9      | Reached skill level 1 in Transmutations
  9155 | D:9      | Reached skill level 9 in Fighting
  9184 | D:9      | Noticed Erolcha
  9243 | D:9      | Killed Erolcha
  9305 | D:8      | Learned a level 4 spell: Olgreb's Toxic Radiance
  9309 | D:8      | Learned a level 3 spell: Ignite Poison
  9363 | D:9      | Mangled by a kobold

Illustrated notes

Levels and vault maps discovered:
D:1:      orjb1_lava_funnel, layout_basic, ebering_ecumenical_altar_abandoned
D:2:      layout_loops_ring, basic_altar, uniq_robin
D:3:      layout_loops_ring, dk_yredelemnul_ordeal, uniq_terence, uniq_grinder,
          uniq_sigmund
D:4:      layout_loops_cross, grunt_temple_overflow_open
D:5:      dreamdust_elfheim, layout_basic, gammafunk_temple_overflow_wave,
          serial_shops, shop, lexackson_kobold_supper
D:6:      layout_basic, hangedman_decor_diamond_cutter
D:7:      layout_basic, nicolae_hepliaklqana_monster_ancestors,
          mainiacjoe_overflow_surrounded_room,
          lemuel_zombie_altar_kikubaaqudgha, minmay_temple_entry_tees,
          nicolae_shop_sticking_my_neck_out
D:8:      layout_gridville, lair_entry_dummy, gammafunk_ghost_abyssal_escape,
          uniq_amaemon
D:9:      layout_basic, gammafunk_temple_overflow_statue, uniq_gastronok,
          uniq_maurice, uniq_erolcha, uniq_grum

Skill      XL: |  1  2  3  4  5  6  7  8  9 10 |
---------------+-------------------------------+-----
Ranged Weapons | 2 |  2.1
Fighting       | 1 2 3 4 6 8 9 |  9.2
Invocations    | 1 2 |  2.9
Fire Magic     | 2 |  2.8
Spellcasting   | 3 4 5 7 |  7.5
Short Blades   | 2 3 4 5 |  5.0
Stealth        | 2 3 4 5 |  5.0
Summonings     | 4 |  4.8
Poison Magic   | 3 |  3.7
Transmutations | 2 |  2.2
Conjurations   | |  3.0
Evocations     | |  2.0

Action                     |  1- 3 |  4- 6 |  7- 9 | 10-12 || total
---------------------------+-------+-------+-------+-------++-------
  Melee: Falchion          |       |    44 |       |       ||    44
         Sling             |       |     1 |       |       ||     1
         Dagger            |       |    10 |   177 |    47 ||   234
         Punch             |       |       |     1 |     1 ||     2
   Fire: Sling             |   111 |     8 |       |       ||   119
   Cast: Scorch            |       |    23 |   119 |    63 ||   205
         Olgreb's Toxic Ra |       |       |       |     1 ||     1
  Evoke: Wand              |     1 |       |     1 |     6 ||     8
    Use: Scroll            |     1 |     5 |     6 |     5 ||    17
         Potion            |       |     1 |     1 |     5 ||     7
   Stab: Paralysed         |       |     5 |    70 |    19 ||    94
         Sleeping          |       |       |     6 |     1 ||     7
 Armour: Robe              |    47 |    62 |   159 |    64 ||   332
  Dodge: Dodged            |    52 |    52 |   119 |    47 ||   270

Table legend: (Time is in decaauts)
 A = Elapsed time spent in this place.
 B = Non-inter-level travel time spent in this place.
 C = Inter-level travel time spent in this place.
 D = Time resting spent in this place.
 E = Time spent auto-exploring this place.
 F = Levels seen in this place.
 G = Mean time per level.
                   A        B        C        D        E       F      G
               +--------+--------+--------+--------+--------+-----+--------+
         Total |  10829 |  10481 |    348 |    548 |   8232 |   9 | 1203.2 |
       Dungeon |  10829 |  10481 |    348 |    548 |   8232 |   9 | 1203.2 |
               +--------+--------+--------+--------+--------+-----+--------+

Top non-repeatable levels by time:
     D:5: 1922 daAuts
     D:8: 1741 daAuts
     D:4: 1568 daAuts
     D:3: 1395 daAuts
     D:7: 1009 daAuts
     D:2: 998 daAuts
     D:1: 874 daAuts
     D:6: 799 daAuts
     D:9: 518 daAuts
